 Dungeon Crawl Stone Soup version 0.27.1-4-g1640c2035a (webtiles) character file.

Game seed: 16953495813959098918

142 adizb the Firebug (level 5, -1/48 HPs)
             Began as an Ogre Fire Elementalist on Nov 14, 2021.
             Was a Priest of Lugonu.
             Slain by an orc priest (3 damage)
             ... on level 3 of the Dungeon.
             The game lasted 00:13:41 (1658 turns).

adizb the Firebug (Ogre Fire Elementalist)          Turns: 1658, Time: 00:13:42

Health: -1/48      AC:  3    Str: 12    XL:     5   Next: 24%
Magic:  6/9        EV: 10    Int: 17    God:    Lugonu [***...]
Gold:   55         SH:  0    Dex:  9    Spells: 10/11 levels left

rFire    . . .     SeeInvis .   c - +0 dagger (vamp)
rCold    . . .     Faith    .   (no shield)
rNeg     . . .     Spirit   .   a - +0 robe
rPois    .         Reflect  .   (helmet restricted)
rElec    .         Harm     .   (no cloak)
rCorr    .         Rampage  .   (gloves unavailable)
Will     +....     Rnd*Tele +   (boots unavailable)
Stlth    ++........             (no amulet)
HPRegen  0.16/turn              (no ring)
MPRegen  0.11/turn              (no ring)

@: no status effects
A: large, unfitting armour, tough skin 1, low mp 1, strong-willed 1,
teleportitis 1
a: Renounce Religion, Depart the Abyss, Bend Space, Banish


You were on level 3 of the Dungeon.
You worshipped Lugonu.
Lugonu was most pleased with you.
You visited 1 branch of the dungeon, and saw 3 of its levels.

You collected 55 gold pieces.

Inventory:

Hand Weapons
 c - a +0 vampiric dagger (weapon)
Missiles
 b - a throwing net
Armour
 a - a +0 robe (worn)
Wands
 e - a wand of charming (6)
Scrolls
 h - a scroll of identify


   Skills:
 + Level 1.5 Fighting
 + Level 2.3 Dodging
 - Level 1.6 Stealth
 + Level 3.5 Spellcasting
 + Level 1.6 Conjurations
 + Level 3.8 Fire Magic


You had 10 spell levels left.
You knew the following spells:

 Your Spells              Type           Power      Damage    Failure   Level
a - Foxfire               Conj/Fire      48%        2x1d6     5%          1

Your spell library contained the following spells:

 Spells                   Type           Power      Damage    Failure   Level
 Conjure Flame            Conj/Fire      12%        6-21      16%         3
 Inner Flame              Hex/Fire       9%         N/A       22%         3
 Sticky Flame             Conj/Fire      12%        2d4       47%         4
 Fireball                 Conj/Fire      6%         3d5       83%         5


Dungeon Overview and Level Annotations

Branches:
Dungeon (3/15)

Altars:
Lugonu


Innate Abilities, Weirdness & Mutations

You are too large for most types of armour.
You have tough skin. (AC +1)
Your magical capacity is low. (-10% MP)
You are strong-willed. (Will+)
You are occasionally teleported next to monsters.


Message History

The orc barely misses you.
You hit the orc priest.
The orc priest is lightly wounded.
The orc priest hits you with a +0 dagger.
The orc closely misses you.
You closely miss the orc priest.
The orc priest is lightly wounded.
The orc priest barely misses you. The orc hits you with a +0 club.
You hit the orc priest.
You feel better.
The orc priest is moderately wounded.
The orc wizard mumbles some strange words.
The orc wizard flickers and vanishes!
Deactivating autopickup; reactivate with Ctrl-A.
The orc priest mumbles some strange prayers to Beogh against you.
Beogh smites you!
* * * LOW HITPOINT WARNING * * *
The orc hits you with a +0 club.
* * * LOW HITPOINT WARNING * * *
You hit the orc priest but do no damage.
The orc priest is moderately wounded.
The orc priest hits you with a +0 dagger.
* * * LOW HITPOINT WARNING * * *
The orc hits you with a +0 club.
* * * LOW HITPOINT WARNING * * *
You hit the orc priest.
The orc priest is heavily wounded.
The orc priest hits you with a +0 dagger.
* * * LOW HITPOINT WARNING * * *
The orc hits you with a +0 club.
* * * LOW HITPOINT WARNING * * *
Okay, then.
It was a potion of mutation.
You feel extremely strange.
You feel less energetic.
You feel weirdly uncertain.
You feel strong-willed.
The orc wizard casts a spell.
The orc wizard flickers and vanishes!
The orc priest closely misses you. The orc hits you but does no damage.
You closely miss the orc priest.
The orc priest is heavily wounded.
The orc priest hits you with a +0 dagger.
You die...

#.#######..#
#.# #§# #..#
###.# ####§#
..... ..#.#
....v#
.#..###
#.#.# ######
#.#..# #.#.#
# #..# #.#>#
...# #.#.#
######.#.#
#@o{.....#
#o####.###
#{# #.# #.#
#)# #.# #.#
#.# #.# ...
..# ..# ###


You could see an orc priest and an orc.

Vanquished Creatures
  An orc priest (D:3)
  5 adders
  A worm (D:3)
  2 dart slugs
  9 orcs (D:3)
  5 ball pythons
  3 bats (D:2)
  A bat skeleton (D:2)
  4 giant cockroaches
  8 goblins
  3 hobgoblins
  4 kobolds
  A quokka (D:2)
  A frilled lizard (D:1)
  3 rats (D:2)
51 creatures vanquished.

Vanquished Creatures (collateral kills)
  A foxfire (D:1)
1 creature vanquished.

Vanquished Creatures (others)
  129 foxfires
129 creatures vanquished.

Grand Total: 181 creatures vanquished

Notes
Turn   | Place    | Note
-------+----------+-------------------------------------------
     0 | D:1      | adizb the Ogre Fire Elementalist began the quest for the
                  | Orb.
     0 | D:1      | Reached XP level 1. HP: 16/16 MP: 3/3
   144 | D:1      | Reached XP level 2. HP: 24/24 MP: 3/5
   153 | D:1      | Found a faded altar of an unknown god.
   178 | D:1      | Became a worshipper of Lugonu the Unformed
   178 | D:1      | Reached * piety under Lugonu
   178 | D:1      | Reached ** piety under Lugonu
   194 | D:1      | You fall into a shaft and drop 1 floor!
   254 | D:2      | Reached skill level 1 in Conjurations
   372 | D:2      | Reached XP level 3. HP: 31/31 MP: 4/7
   789 | D:2      | Reached XP level 4. HP: 39/39 MP: 6/8
  1347 | D:3      | HP: 1/40 [orc priest/divine providence (17)]
  1356 | D:3      | Reached skill level 1 in Fighting
  1360 | D:3      | Reached XP level 5. HP: 4/48 MP: 5/10
  1543 | D:3      | Reached *** piety under Lugonu
  1656 | D:3      | HP: 2/48 [orc (2)]
  1657 | D:3      | Gained mutation: Your magical capacity is low. (-10% MP)
                  | [potion of mutation]
  1657 | D:3      | Gained mutation: You are occasionally teleported next to
                  | monsters. [potion of mutation]
  1657 | D:3      | Gained mutation: You are strong-willed. (Will+) [potion of
                  | mutation]
  1658 | D:3      | Slain by an orc priest

Illustrated notes

Levels and vault maps discovered:
D:1:      psy_arrival_radial01, layout_basic, ebering_ecumenical_altar_petrified
D:2:      layout_loops_corners, minmay_heptomino_o4
D:3:      layout_loops_ring, kennysheep_generic_room_15

Skill      XL: |  1  2  3  4 |
---------------+-------------+-----
Spellcasting   | 3 |  3.5
Conjurations   | 1 |  1.6
Fire Magic     | 3 |  3.8
Dodging        | 2 |  2.3
Fighting       | 1 |  1.5
Stealth        | |  1.6

Action                   |  1- 3 |  4- 6 || total
-------------------------+-------+-------++-------
Melee: Unarmed           |    15 |    24 ||    39
       Dagger            |       |    10 ||    10
 Cast: Foxfire           |    33 |    45 ||    78
  Use: Scroll            |     1 |     4 ||     5
       Potion            |       |     2 ||     2
Armor: Robe              |     6 |    15 ||    21
       Skin              |       |    10 ||    10
Dodge: Dodged            |    24 |    22 ||    46
